 Dungeon Crawl Stone Soup version 0.30.1-11-g7821555f0a (webtiles) character file.

Game seed: 11640909098881923948

12745 Martska the Fighter (level 11, -4/91 HPs)
             Began as a Demonspawn Fighter on Dec 14, 2023.
             Was a Priest of Qazlal.
             Slain by an orc warlord
             ... wielding a +1 long sword of protection
              (18 damage)
             ... on level 1 of the Orcish Mines.
             The game lasted 00:15:58 (9799 turns).

Martska the Fighter (Demonspawn Fighter)            Turns: 9799, Time: 00:16:05

Health: -4/91      AC: 20    Str: 20    XL:     11   Next: 66%
Magic:  15/15      EV: 14    Int: 11    God:    Qazlal [***...]
Gold:   853        SH: 14    Dex: 12    Spells: 10/10 levels left

rFire   . . .        C - +4 war axe (freeze)
rCold   . . .        c - +0 buckler
rNeg    . . .        P - +4 troll leather armour
rPois   .            N - +1 helmet
rElec   .            y - +0 cloak
rCorr   .            (no gloves)
SInv    .            A - +0 pair of boots
Will    .....        p - amulet of reflection
Stlth   +            K - +4 ring of protection
HPRegen 1.15/turn    (no ring)
MPRegen 0.14/turn

%: reflection
@: no status effects
A: hooves 1, thin metallic scales 2, powered by pain 2, spiny 1
a: Renounce Religion, Upheaval, Elemental Force


You were on level 1 of the Orcish Mines.
You worshipped Qazlal.
Qazlal was most pleased with you.
You visited 3 branches of the dungeon, and saw 12 of its levels.
You also visited: Sewer.

You collected 1017 gold pieces.
You spent 164 gold pieces at shops.

Inventory:

Hand Weapons
 b - a +3 mace of protection
 h - a +3 battleaxe
 l - a +2 dagger of pain
 q - a +2 hand axe of venom
 v - a +1 vampiric morningstar
 C - a +4 war axe of freezing (weapon)
 O - a +2 spear of flaming
Armour
 c - a +0 buckler (worn)
 y - a +0 cloak (worn)
 A - a +0 pair of boots (worn)
 J - +0 steam dragon scales
 N - a +1 helmet (worn)
 P - a +4 troll leather armour (worn)
Jewellery
 p - an amulet of reflection (around neck)
 K - a +4 ring of protection (left hand)
 L - an amulet of magic regeneration
 M - a ring of wizardry
Wands
 E - a wand of paralysis (7)
 I - a wand of digging (4)
Scrolls
 a - 2 scrolls of vulnerability {unknown}
 e - 2 scrolls of immolation
 f - 2 scrolls of torment {unknown}
 j - a scroll of butterflies {unknown}
 k - a scroll of noise
 n - a scroll of brand weapon {unknown}
 o - 4 scrolls of enchant weapon {unknown}
 r - 7 scrolls of teleportation (quivered)
 w - 2 scrolls of silence {unknown}
 B - 2 scrolls of blinking {unknown}
 G - a scroll of poison {unknown}
Potions
 d - 4 potions of might
 g - 4 potions of curing
 m - 4 potions of flight
 s - a potion of degeneration
 t - a potion of haste {unknown}
 u - 4 potions of attraction {unknown}
 x - a potion of ambrosia {unknown}
 z - a potion of invisibility {unknown}
 D - 3 potions of mutation {unknown}
 F - a potion of brilliance
 H - 2 potions of lignification {unknown}


   Skills:
 * Level 10.2 Fighting
 * Level 7.9 Axes
 - Level 6.0 Armour
 * Level 8.8 Dodging
 + Level 6.7 Shields
 + Level 5.9 Invocations


You had 10 spell levels left.
You didn't know any spells.
Your spell library contained the following spells:

 Spells                   Type           Power      Damage    Failure   Level
 Apportation              Tloc           0%         N/A       45%         1
 Kiss of Death            Conj/Necr      0%         2d5       45%         1
 Necrotise                Necr           0%         1d4       45%         1
 Sandblast                Erth           0%         2d4       45%         1
 Slow                     Hex            0%         N/A       45%         1
 Summon Small Mammal      Summ           0%         N/A       45%         1
 Blink                    Tloc           0%         N/A       58%         2
 Passwall                 Tmut/Erth      0%         N/A       58%         2
 Confusing Touch          Hex            0%         N/A       83%         3
 Frozen Ramparts          Ice            0%         1d1       83%         3
 Stone Arrow              Conj/Erth      0%         3d7       83%         3
 Vampiric Draining        Necr           0%         2d6       83%         3
 Dispel Undead            Necr           0%         3d6       99%         4
 Ice Form                 Ice/Tmut       0%         N/A       99%         4
 Manifold Assault         Tloc           0%         N/A       99%         4
 Summon Ice Beast         Ice/Summ       0%         N/A       99%         4
 Storm Form               Tmut/Air       0%         N/A       100%        7


Dungeon Overview and Level Annotations

Branches:
Dungeon (9/15)             Temple (1/1) D:6             Orc (2/2) D:9
    Elf (0/3) Orc:2         Sewer (visited)
   Lair: D:8-11

Altars:
Ashenzari
Cheibriados
Dithmenos
Fedhas
Gozag
Hepliaklqana
Kikubaaqudgha
Makhleb
Nemelex Xobeh
Okawaru
Qazlal
Ru
Sif Muna
Trog
Uskayaw
Vehumet
Wu Jian
Xom
Yredelemnul

Shops:
D:2 ?   D:8 [


Innate Abilities, Weirdness & Mutations

You have large cloven feet.
You are mostly covered in thin metallic scales. (AC +3)
You sometimes gain power by taking damage.
You are partially covered in sharp spines.


Message History

You hit the orc warlord. You freeze the orc warlord. You barely miss the troll.
You hit the orc warlord but do no damage.
You block the orc warlord's attack. x2; The troll bites you but does no damage.
The troll closely misses you. The troll claws you.
You hit the troll but do no damage. You barely miss the orc warlord.
You closely miss the orc warlord. The troll is struck by your spines.
The troll misses you. You block the troll's attack. x2
The orc warlord hits you with a +0 long sword.
The orc warlord hits you with a +1 long sword of protection!!!
You slash the troll! You freeze the troll.
The troll is heavily wounded.
You hit the orc warlord but do no damage.
You hit the orc warlord. You freeze the orc warlord.
You block the troll's attack. x2; The troll closely misses you.
The orc warlord hits you with a +0 long sword!
The orc warlord hits you with a +1 long sword of protection.
You slash the troll! You freeze the troll.
The troll is severely wounded.
You hit the orc warlord. You freeze the orc warlord.
You hit the orc warlord but do no damage.
You block the troll's attack. The troll claws you.
You block the troll's attack. The orc warlord barely misses you.
You block the orc warlord's attack.
You hit the troll. You freeze the troll.
The troll is severely wounded.
You hit the orc warlord but do no damage.
You slash the orc warlord! You freeze the orc warlord.
You block the troll's attack. The troll misses you.
You block the troll's attack.
The orc warlord hits you with a +0 long sword!
* * * LOW HITPOINT WARNING * * *
The orc warlord hits you with a +1 long sword of protection!
* * * LOW HITPOINT WARNING * * *
As you read the scroll labelled JIELIO SAIK, it crumbles to dust.
You hear a loud clanging noise!
It was a scroll of noise.
You block the troll's attack. The troll claws you but does no damage.
The troll closely misses you. You block the orc warlord's attack.
The orc warlord hits you with a +1 long sword of protection!!
You die...

#...._....####.#
##......### #..###
##.....## ##..#.#
#......###....####
##...#...#......#.##
#....##.....###....##
##..#####...## ##....#
#....###.....###o...##
##....#.......#@)####
##.#....####.o[T#
####.### ##.### #...#
### #####


You could see 2 orc warlords and a troll.

Vanquished Creatures
  An orc warlord (Orc:1)
  2 two-headed ogres
  2 orc knights (Orc:1)
  2 orc sorcerers (Orc:1)
  Maggie (D:6)
  5 trolls
  4 yaks (D:9)
  A wyvern (D:9)
  A steam dragon (D:8)
  6 wargs
  3 water moccasins
  3 ice beasts
  18 orc warriors
  A centaur (D:7)
  6 ogres
  6 wolves (Orc:1)
  A phantom (D:6)
  2 kobold brigands
  Blork the orc (D:5)
  A bullfrog (D:8)
  A gnoll sergeant (D:9)
  5 scorpions
  8 wights
  5 killer bees (D:7)
  4 howler monkeys (D:8)
  12 orc priests
  4 hounds
  A jelly (D:5)
  A gnoll bouda (D:9)
  4 sleepcaps
  Terence (D:3)
  5 iguanas
  14 orc wizards
  A hell rat (Sewer)
  5 adders
  10 gnolls
  3 river rats (Sewer)
  A white imp (D:7)
  4 worms
  5 dart slugs
  52 orcs
  3 bats (D:3)
  4 giant cockroaches
  5 hobgoblins
  7 quokkas
  14 ball pythons
  A frilled lizard (D:1)
  6 goblins
  12 kobolds
  10 rats
275 creatures vanquished.

Vanquished Creatures (others)
  A goblin (Orc:1)
1 creature vanquished.

Grand Total: 276 creatures vanquished

Notes
Turn   | Place    | Note
-------+----------+-------------------------------------------
     0 | D:1      | Martska the Demonspawn Fighter began the quest for the Orb.
     0 | D:1      | Reached XP level 1. HP: 18/18 MP: 1/1
   145 | D:1      | Gained mutation: You sometimes gain a little power by
                  | taking damage. [demonic ancestry]
   145 | D:1      | Reached XP level 2. HP: 24/24 MP: 2/2
   206 | D:1      | You fall into a shaft and drop 1 floor!
   221 | D:2      | Reached skill level 1 in Dodging
   427 | D:2      | Gained mutation: You are partially covered in thin metallic
                  | scales. (AC +2) [demonic ancestry]
   427 | D:2      | Reached XP level 3. HP: 29/29 MP: 3/3
   466 | D:2      | Found a faded altar of an unknown god.
   781 | D:2      | Found Hol Vasef's Magic Scroll Shoppe.
   795 | D:2      | Bought a scroll of identify for 26 gold pieces
   996 | D:3      | Gained mutation: You sometimes gain power by taking damage.
                  | [demonic ancestry]
   996 | D:3      | Reached XP level 4. HP: 36/37 MP: 4/4
  1052 | D:3      | Reached skill level 4 in Fighting
  1273 | D:3      | Noticed Terence
  1280 | D:3      | Killed Terence
  1281 | D:3      | Gained mutation: You are mostly covered in thin metallic
                  | scales. (AC +3) [demonic ancestry]
  1281 | D:3      | Reached XP level 5. HP: 42/42 MP: 5/5
  2109 | D:4      | Reached XP level 6. HP: 49/49 MP: 6/6
  2555 | D:4      | Found a shimmering blue altar of Sif Muna.
  2589 | D:5      | Entered Level 5 of the Dungeon
  2638 | D:5      | Noticed Blork the orc
  2639 | D:5      | Noticed a water moccasin
  2662 | D:5      | Killed Blork the orc
  2663 | D:5      | Reached skill level 5 in Fighting
  2672 | D:5      | Killed a water moccasin
  2675 | D:5      | Gained mutation: You have large cloven feet. [demonic
                  | ancestry]
  2675 | D:5      | Reached XP level 7. HP: 43/56 MP: 7/7
  2851 | D:5      | Found a glowing drain.
  2865 | Sewer    | Entered a sewer
  3661 | D:5      | Reached skill level 6 in Fighting
  3661 | D:5      | Gained mutation: You are partially covered in sharp spines.
                  | [demonic ancestry]
  3661 | D:5      | Reached XP level 8. HP: 64/64 MP: 8/8
  4170 | D:6      | Found a staircase to the Ecumenical Temple.
  4490 | D:6      | Noticed Maggie
  4503 | D:6      | Killed Maggie
  4504 | D:6      | Reached skill level 5 in Dodging
  5121 | D:7      | Reached skill level 7 in Fighting
  5134 | D:7      | Reached XP level 9. HP: 59/72 MP: 9/9
  5253 | Temple   | Entered the Ecumenical Temple
  5358 | Temple   | Became a worshipper of Qazlal Stormbringer
  5732 | D:7      | Reached skill level 5 in Shields
  5750 | D:7      | Reached skill level 5 in Armour
  6120 | D:7      | Reached skill level 5 in Axes
  6433 | D:8      | Reached skill level 1 in Invocations
  6817 | D:8      | Found Ytuwi's Armour Boutique.
  6822 | D:8      | Bought a +1 helmet for 138 gold pieces
  7137 | D:9      | Reached skill level 8 in Fighting
  7149 | D:9      | Reached * piety under Qazlal
  7622 | D:9      | Reached XP level 10. HP: 67/80 MP: 11/11
  7728 | D:9      | Found a staircase to the Orcish Mines.
  7919 | D:9      | Noticed a two-headed ogre
  7928 | D:9      | Killed a two-headed ogre
  8516 | Orc:1    | Entered Level 1 of the Orcish Mines
  8612 | Orc:1    | Reached ** piety under Qazlal
  8662 | Orc:1    | Reached skill level 9 in Fighting
  8662 | Orc:1    | Noticed an orc sorcerer
  8920 | Orc:1    | Noticed a rust devil
  8922 | Orc:1    | Noticed a rust devil
  8930 | Orc:1    | Killed an orc sorcerer
  8992 | Orc:1    | Noticed an orc warlord
  9012 | Orc:1    | Killed an orc warlord
  9013 | Orc:1    | Reached XP level 11. HP: 42/89 MP: 14/14
  9353 | Orc:2    | Entered Level 2 of the Orcish Mines
  9380 | Orc:2    | Noticed a two-headed ogre
  9394 | Orc:1    | Noticed an orc sorcerer
  9410 | Orc:1    | Killed an orc sorcerer
  9411 | Orc:1    | Reached skill level 5 in Invocations
  9452 | Orc:1    | Noticed an orc knight
  9463 | Orc:1    | Killed an orc knight
  9562 | Orc:1    | Killed a two-headed ogre
  9566 | Orc:1    | Reached skill level 10 in Fighting
  9640 | Orc:2    | Found a staircase to the Elven Halls.
  9665 | Orc:2    | Noticed an orc knight
  9667 | Orc:2    | Noticed an orc warlord
  9690 | Orc:2    | Noticed an orc warlord
  9698 | Orc:1    | Reached *** piety under Qazlal
  9748 | Orc:1    | Killed an orc knight
  9799 | Orc:1    | Slain by an orc warlord

Illustrated notes

Levels and vault maps discovered:
D:1:      lightli_molten_gateway, layout_basic, serial_glass, glass_columns_c,
          glass_columns_a, kennysheep_pointless_box, minmay_misc_feat_cross
D:2:      layout_loops_ring, nicolae_ecumenical_oubliette, serial_shops, shop,
          hangedman_decor_peaks_small, st_stairs_7
D:3:      layout_rooms, minmay_pentomino_pile, uniq_terence
D:4:      minmay_general_purpose_star, layout_loops_ring,
          nicolae_sif_muna_little_library
D:5:      layout_loops_ring, portal_sewer_entry_a, uniq_blork_the_orc
D:6:      layout_layer_cave, minmay_temple_entry_from_below_a, uniq_maggie
D:7:      layout_basic
D:8:      layout_loops_ring, serial_shops, shop, nicolae_figureground_sparkle
D:9:      layout_loops_corners, orc_0_dummy
Temple:   regret_index_temple_sigil_plot
Orc:1:    layout_diamond_mine, basic_altar, mines5_lemuel
Orc:2:    st_orc_pillars, layout_diamond_mine, minmay_orc_treasury

Skill      XL: |  1  2  3  4  5  6  7  8  9 10 11 |
---------------+----------------------------------+-----
Dodging        | 1 2 3 4 5 6 8 |  8.8
Shields        | 3 4 5 6 |  6.7
Armour         | 3 4 5 6 |  6.0
Fighting       | 4 5 6 7 8 9 10 | 10.2
Axes           | 2 4 5 7 |  7.9
Invocations    | 2 4 5 |  5.9

Action                     |  1- 3 |  4- 6 |  7- 9 | 10-12 || total
---------------------------+-------+-------+-------+-------++-------
  Melee: War axe           |   101 |    46 |   246 |   242 ||   635
         Hand axe          |       |    97 |    51 |       ||   148
    Use: Scroll            |     2 |       |     4 |     6 ||    12
         Potion            |       |     1 |     1 |     1 ||     3
 Armour: Scale mail        |    42 |    61 |    38 |       ||   141
         Steam dragon scal |       |       |    44 |    21 ||    65
         Troll leather arm |       |       |       |    60 ||    60
  Dodge: Dodged            |    46 |    74 |   123 |   145 ||   388
  Block: Buckler           |    23 |    61 |   154 |   223 ||   461
         Reflection        |       |     4 |     6 |     3 ||    13
